 Dungeon Crawl Stone Soup version 0.30-a0-760-g5a9884bb7c (webtiles) character file.

Game seed: 15693868788481211481

834 boo the Chopper (level 7, 0/62 HPs)
             Began as a Hill Orc Fighter on Feb 10, 2023.
             Was a Follower of Okawaru.
             Succumbed to a scorpion's poison
             ... on level 6 of the Dungeon.
             The game lasted 00:07:16 (4631 turns).

boo the Chopper (Hill Orc Fighter)                  Turns: 4631, Time: 00:07:16

Health: 0/62       AC: 12    Str: 21    XL:     7   Next: 98%
Magic:  7/7        EV: 14    Int:  8    God:    Okawaru [*.....]
Gold:   113        SH:  5    Dex: 13    Spells: 6/6 levels left

rFire   . . .      SeeInvis .    a - +0 war axe
rCold   . . .      Faith    .    c - +0 buckler
rNeg    . . .      Spirit   .    b - +0 scale mail
rPois   .          Reflect  .    t - +0 helmet
rElec   .          Harm     .    (no cloak)
rCorr   .          Rampage  .    u - +1 pair of gloves "Rurorezuck" {Dex+3}
Will    .....                    B - +0 pair of boots Stlth
                                 (no amulet)
HPRegen 0.30/turn                C - +5 ring of evasion
MPRegen 0.10/turn                (no ring)

@: lethally poisoned (0 -> -1)
A: no striking features
a: Renounce Religion, Heroism


You were on level 6 of the Dungeon.
You worshipped Okawaru.
Okawaru was aware of your devotion.
You visited 2 branches of the dungeon, and saw 7 of its levels.

You collected 255 gold pieces.
You spent 142 gold pieces at shops.

Inventory:

Hand Weapons
 a - a +0 war axe (weapon)
Missiles
 r - a throwing net (quivered)
 x - 4 javelins
Armour
 b - a +0 scale mail (worn)
 c - a +0 buckler (worn)
 t - a +0 helmet (worn)
 u - the +1 pair of gloves "Rurorezuck" (worn) {Dex+3}
   (You bought it in a shop on level 1 of the Dungeon)

   Dex:       It affects your dexterity (+3).
 B - a +0 pair of boots (worn)
Jewellery
 C - a +5 ring of evasion (left hand)
Wands
 s - a wand of charming (10)
Scrolls
 e - 9 scrolls of teleportation
 f - 2 scrolls of brand weapon
 g - a scroll of silence {unknown}
 h - 3 scrolls of enchant weapon {unknown}
 j - a scroll of poison
 k - 3 scrolls of noise {unknown}
 n - a scroll of enchant armour
 w - a scroll of amnesia
 y - 3 scrolls of vulnerability {unknown}
Potions
 d - 3 potions of might
 i - 3 potions of resistance
 l - 4 potions of degeneration {unknown}
 o - a potion of attraction {unknown}
 p - a potion of invisibility {unknown}
 q - 2 potions of haste {unknown}
 v - 4 potions of curing {unknown}
 z - a potion of magic {unknown}
 A - a potion of lignification {unknown}


   Skills:
 + Level 5.6 Fighting
 * Level 7.3 Axes
 + Level 2.4 Throwing
 + Level 5.1 Armour
 - Level 5.0 Shields


You had 6 spell levels left.
You didn't know any spells.
Your spell library was empty.

Dungeon Overview and Level Annotations

Branches:
Dungeon (6/15)             Temple (1/1) D:5

Altars:
Ashenzari
Cheibriados
Dithmenos
Hepliaklqana
Makhleb
Okawaru
Qazlal
Ru
Sif Muna
Uskayaw
Vehumet
Yredelemnul

Shops:
D:1 [?


Message History

You are too injured to fight recklessly!
You are too injured to fight recklessly!
You are too injured to fight recklessly!
You are too injured to fight recklessly!
Unknown command.
You hit the scorpion.
The scorpion is almost dead.
You hit the iguana.
You feel very sick. The iguana misses you. The scorpion closely misses you.
You hit the scorpion but do no damage.
The scorpion is almost dead.
You hit the iguana but do no damage.
You feel very sick. You block the iguana's attack.
The scorpion barely misses you. The scorpion stings you. The iguana misses you.
You closely miss the scorpion.
The scorpion is almost dead.
You hit the iguana but do no damage.
You feel sick.
The scorpion stings you but does no damage.
The iguana bites you.
* * * LOW HITPOINT WARNING * * *
You hit the scorpion.
You kill the scorpion!
Okawaru accepts your kill.
You can now gain great but temporary skills.
You hit the iguana but do no damage.
You feel sick. The iguana closely misses you.
Found 7 stones.
You feel sick. The iguana barely misses you.
You see here a scorpion corpse.
You hit the iguana.
The iguana is moderately wounded.
You feel sick. You block the iguana's attack.
You hit the iguana but do no damage.
The iguana is moderately wounded.
You feel sick. The iguana closely misses you. The iguana bites you!
* * * LOW HITPOINT WARNING * * *
You barely miss the iguana.
The iguana is moderately wounded.
You die...

.# ### .# ...###
.## .... .. ...
.# . #.##.###
..( ##.....#
.....#.l<.!.####
.......@........
........†...####
#.#####.....#
###.### .# .# ..
##


You could see an iguana.

Vanquished Creatures
  An ogre (D:5)
  A centaur (D:5)
  A phantom (D:4)
  A scorpion (D:6)
  2 hounds
  2 jellies
  4 orc priests
  Jessica (D:2)
  3 gnolls (D:4)
  12 adders
  2 ufetubi
  2 worms
  3 dart slugs
  13 orcs
  5 bats (D:2)
  10 endoplasms
  4 giant cockroaches
  9 hobgoblins
  8 kobolds
  2 quokkas
  8 ball pythons
  2 frilled lizards
  13 goblins
  8 rats
117 creatures vanquished.

Notes
Turn   | Place    | Note
-------+----------+-------------------------------------------
     0 | D:1      | boo the Hill Orc Fighter began the quest for the Orb.
     0 | D:1      | Reached XP level 1. HP: 19/19 MP: 1/1
    63 | D:1      | Reached skill level 3 in Axes
    66 | D:1      | Reached XP level 2. HP: 23/27 MP: 2/2
   358 | D:1      | Found Gaoni's Antique Armour Shoppe.
   644 | D:1      | Found Ommivittu's Magic Scroll Boutique.
   724 | D:1      | Reached XP level 3. HP: 33/33 MP: 3/3
  1273 | D:2      | Reached skill level 4 in Axes
  1282 | D:2      | Reached XP level 4. HP: 29/40 MP: 4/4
  1425 | D:2      | Noticed Jessica
  1429 | D:2      | Killed Jessica
  1767 | D:2      | Reached XP level 5. HP: 35/47 MP: 5/5
  2091 | D:3      | Reached skill level 5 in Axes
  2122 | D:3      | Found a sacrificial altar of Ru.
  2135 | D:3      | Found a hide-covered altar of Uskayaw.
  2153 | D:3      | Found a faded altar of an unknown god.
  2329 | D:3      | Found a hazy altar of Hepliaklqana.
  2455 | D:1      | Bought a pair of slimy gloves for 142 gold pieces
  2455 | D:1      | Identified the +1 pair of gloves "Rurorezuck" {Dex+3} (You
                  | bought it in a shop on level 1 of the Dungeon)
  2514 | D:3      | Reached XP level 6. HP: 52/53 MP: 6/6
  3049 | D:4      | Reached skill level 1 in Throwing
  3370 | D:4      | Reached skill level 5 in Fighting
  3492 | D:4      | Reached skill level 6 in Axes
  3621 | D:4      | Reached XP level 7. HP: 54/61 MP: 7/7
  3863 | D:4      | Found a radiant altar of Vehumet.
  3922 | D:5      | Entered Level 5 of the Dungeon
  3973 | D:5      | Found a staircase to the Ecumenical Temple.
  3985 | Temple   | Entered the Ecumenical Temple
  4142 | Temple   | Became a worshipper of Warmaster Okawaru
  4425 | D:5      | Reached skill level 7 in Axes
  4425 | D:5      | Reached skill level 5 in Armour
  4425 | D:5      | Reached skill level 5 in Shields
  4627 | D:6      | Reached * piety under Okawaru
  4630 | D:6      | HP: 1/62 [iguana (10)]
  4631 | D:6      | Succumbed to a scorpion's poison

Illustrated notes

Levels and vault maps discovered:
D:1:      minmay_arrival_nine_rooms, layout_basic, serial_shops,
          nicolae_shop_behind_doors, shop, minmay_small_reverse_x
D:2:      minmay_diamond_boxcup, layout_basic, minmay_box_of_dots, uniq_jessica
D:3:      layout_rooms, mainiacjoe_overflow_brackets,
          mainiacjoe_overflow_boulevard, nzn_hepliaklqana_mist_gate,
          hellmonk_ecumenical_altar_run_dry, serial_aquarium,
          aquarium_bridge_straight [aquarium_subvault_bridge,
          aquarium_subvault_window, aquarium_subvault_bridge,
          aquarium_subvault_wall], aquarium_window_1, aquarium_window_1,
          aquarium_view_2c
D:4:      layout_loops_ring, nicolae_overflow_hidden_temple
D:5:      layout_cave_pools, minmay_temple_entry_junction_2
D:6:      layout_loops_ring, mainiacjoe_overflow_catwalk, kennysheep_little_box,
          nicolae_ossuary_entry_plus, serial_shops, nicolae_diamond_shop,
          gup_sewer_entry_pipe, uniq_prince_ribbit1, uniq_blork_the_orc
Temple:   hellmonk_temple_forest_ring

Skill      XL: |  1  2  3  4  5  6  7 |
---------------+----------------------+-----
Axes           | 3 4 5 6 7 |  7.3
Fighting       | 4 5 |  5.6
Armour         | 4 5 |  5.1
Shields        | 4 5 |  5.0
Throwing       | 1 2 |  2.4

Action                     |  1- 3 |  4- 6 |  7- 9 || total
---------------------------+-------+-------+-------++-------
  Melee: War axe           |    94 |   223 |    71 ||   388
    Use: Scroll            |       |       |     7 ||     7
 Armour: Scale mail        |    48 |    99 |    37 ||   184
  Dodge: Dodged            |    44 |    84 |    50 ||   178
  Block: Buckler           |    18 |    39 |    22 ||    79

Table legend: (Time is in decaauts)
 A = Elapsed time spent in this place.
 B = Non-inter-level travel time spent in this place.
 C = Inter-level travel time spent in this place.
 D = Time resting spent in this place.
 E = Time spent auto-exploring this place.
 F = Levels seen in this place.
 G = Mean time per level.
                   A        B        C        D        E       F      G
               +--------+--------+--------+--------+--------+-----+--------+
         Total |   4744 |   4350 |    394 |    308 |   3157 |   7 |  677.7 |
       Dungeon |   4579 |   4201 |    378 |    308 |   3022 |   6 |  763.2 |
        Temple |    165 |    149 |     16 |      0 |    135 |   1 |  165.0 |
               +--------+--------+--------+--------+--------+-----+--------+

Top non-repeatable levels by time:
     D:2: 1255 daAuts
     D:3: 970 daAuts
     D:4: 920 daAuts
     D:1: 878 daAuts
     D:5: 533 daAuts
  Temple: 165 daAuts
     D:6: 20 daAuts
